 Dungeon Crawl Stone Soup version 0.29.1-4-g47bece8355 (webtiles) character file.

Game seed: 5542997763632622717

244 NerdRage255 the Chopper (level 5, -3/46 HPs)
             Began as a Minotaur Berserker on Dec 9, 2022.
             Was a Believer of Trog.
             Slain by a white imp (4 damage)
             ... summoned by Eustachio
             ... on level 4 of the Dungeon on Dec 11, 2022.
             The game lasted 00:36:17 (3786 turns).

NerdRage255 the Chopper (Minotaur Berserker)        Turns: 3786, Time: 00:36:20

Health: -3/46      AC: 14    Str: 24    XL:     5   Next: 83%
Magic:  4/4        EV:  7    Int:  4    God:    Trog [**....]
Gold:   154        SH:  0    Dex:  9    Spells: 4/4 levels left

rFire   . . .      SeeInvis .   a - +0 hand axe
rCold   . . .      Faith    .   (no shield)
rNeg    . . .      Spirit   .   t - +0 plate armour
rPois   .          Reflect  .   (helmet restricted)
rElec   .          Harm     .   m - +0 cloak
rCorr   .          Rampage  .   (no gloves)
Will    .....                   n - +1 pair of boots {Stlth+}
Stlth   ..........              (no amulet)
HPRegen 0.15/turn               (no ring)
MPRegen 0.09/turn               (no ring)

@: on berserk cooldown, slowed, very slow
A: horns 2, retaliatory headbutt
a: Renounce Religion, Berserk, Trog's Hand


You were on level 4 of the Dungeon.
You worshipped Trog.
Trog was pleased with you.
You visited 1 branch of the dungeon, and saw 4 of its levels.

You collected 154 gold pieces.

Inventory:

Hand Weapons
 a - a +0 hand axe (weapon)
 d - a +0 spear
 h - a +0 sling
Missiles
 k - 5 boomerangs (quivered)
Armour
 b - a +0 animal skin
 c - a +0 ring mail
 m - a +0 cloak (worn)
 n - a +1 pair of boots of stealth (worn)
 s - a +1 leather armour of cold resistance
 t - a +0 plate armour (worn)
Wands
 p - a wand of iceblast (14)
Scrolls
 f - 2 scrolls of teleportation
 i - a scroll of amnesia {unknown}
 j - 3 scrolls of identify
 r - a scroll of poison {unknown}
Potions
 e - a potion of haste
 g - a potion of degeneration {unknown}
 l - a potion of might {unknown}
 o - 3 potions of curing {unknown}
 q - a potion of berserk rage {unknown}


   Skills:
 - Level 4.2 Fighting
 * Level 7.6 Axes
 + Level 0.3 Ranged Weapons
 - Level 2.4 Armour
 - Level 2.1 Dodging


You had 4 spell levels left.
You didn't know any spells.
Your spell library was empty.

Dungeon Overview and Level Annotations

Branches:
Dungeon (4/15)
 Temple: D:4-7

Altars:

Shops:
D:3 *

Annotations:
D:3 3 runed translucent doors, exclusion: door, Anriel's ghost, amateur DEAM
D:4 Eustachio


Innate Abilities, Weirdness & Mutations

You have a pair of horns on your head.
You reflexively headbutt those who attack you in melee.


Message History

You feel a strong urge to attack something.
You barely miss Eustachio.
Eustachio is moderately wounded.
Eustachio hits you with a +0 falchion of protection.
* * * LOW HITPOINT WARNING * * *
You slash Eustachio!
Eustachio is heavily wounded.
You slash the shadow imp! You barely miss the white imp.
You are no longer berserk.
You are exhausted.
You feel yourself slow down.
You hit Eustachio.
Eustachio is heavily wounded.
You hit the shadow imp but do no damage.
You barely miss the white imp.
The shadow imp hits you but does no damage.
The white imp gestures at you.
The puff of frost hits you but does no damage.
Eustachio hits you with a +0 falchion of protection.
* * * LOW HITPOINT WARNING * * *
You barely miss Eustachio. Your headbutt misses Eustachio.
Eustachio is heavily wounded.
You hit the shadow imp but do no damage.
You hit the white imp but do no damage. You hit the crimson imp.
The shadow imp hits you.
* * * LOW HITPOINT WARNING * * *
The white imp gestures at you. The puff of frost hits you.
* * * LOW HITPOINT WARNING * * *
The crimson imp hits you but does no damage.
Eustachio hits you with a +0 falchion of protection.
* * * LOW HITPOINT WARNING * * *
The crimson imp hits you but does no damage.
The shadow imp gestures at you. Pain shoots through your body!
* * * LOW HITPOINT WARNING * * *
The white imp hits you.
* * * LOW HITPOINT WARNING * * *
The white imp freezes you.
You die...

.. .# ##.# ###...##
###......##
###...##....###
###.......5.....#
####...##.?.@@......
###...####....55..#...
###...### ##.......#
#...### ######..#
..#.# ?.# ###.# ..# #
#.. .# ##.. .# ###


You could see Eustachio, a crimson imp (summoned), a white imp (summoned) and a
shadow imp (summoned).

Vanquished Creatures
  A phantom (D:4)
  An orc priest (D:3)
  An orc wizard (D:3)
  3 gnolls (D:4)
  3 adders
  2 dart slugs
  4 orcs (D:3)
  6 ball pythons
  3 bats
  9 endoplasms
  A giant cockroach (D:4)
  6 hobgoblins
  2 quokkas
  2 frilled lizards (D:2)
  2 goblins (D:2)
  4 kobolds
  A rat (D:1)
51 creatures vanquished.

Notes
Turn   | Place    | Note
-------+----------+-------------------------------------------
     0 | D:1      | NerdRage255 the Minotaur Berserker began the quest for the
                  | Orb.
     0 | D:1      | Reached XP level 1. HP: 19/19 MP: 0/0
   398 | D:1      | Reached XP level 2. HP: 24/27 MP: 1/1
   536 | D:1      | Reached skill level 4 in Axes
  1369 | D:2      | Reached XP level 3. HP: 22/33 MP: 2/2
  1832 | D:2      | Identified the +1 ring mail of Sorcery {rN+ Str-2 Int+4}
  1980 | D:2      | Reached skill level 5 in Axes
  2805 | D:3      | Found Vanwott's Assorted Antiques.
  2815 | D:3      | Found a runed translucent gate.
  2840 | D:3      | Found a runed translucent gate.
  2841 | D:3      | Found a runed translucent gate.
  2845 | D:3      | Identified the +1 scale mail "Umik" {Dex+7 Stlth-}
  2845 | D:3      | Noticed Anriel's ghost (amateur DEAM)
  2872 | D:3      | Reached ** piety under Trog
  3052 | D:3      | Found a faded altar of an unknown god.
  3064 | D:3      | Reached XP level 4. HP: 5/40 MP: 3/3
  3066 | D:3      | HP: 2/40 [orc wizard/+0 dagger (3)]
  3072 | D:3      | Reached skill level 6 in Axes
  3603 | D:4      | Reached XP level 5. HP: 46/46 MP: 4/4
  3691 | D:4      | Noticed a phantom
  3711 | D:4      | Killed a phantom
  3712 | D:4      | Reached skill level 7 in Axes
  3739 | D:4      | Noticed Eustachio
  3786 | D:4      | HP: 1/46 [white imp[Eustachio] (3)]
  3786 | D:4      | Slain by a white imp

Illustrated notes

Levels and vault maps discovered:
D:1:      elethiomel_arrival_maze, layout_loops_ring
D:2:      layout_basic
D:3:      layout_rooms, serial_shops, nicolae_shop_crystal,
          chequers_ecumenical_altar_twisty, biasface_ghost_orc_armoury
D:4:      layout_cave_pods, temple_pool_b, cheibrodos_sewer_entry_drain,
          gammafunk_ghost_split, minmay_checkerbox, uniq_blork_the_orc,
          uniq_eustachio, uniq_edmund

Skill      XL: |  1  2  3  4  5 |
---------------+----------------+-----
Fighting       | 4 |  4.2
Axes           | 4 5 6 7 |  7.6
Ranged Weapons | |  0.3
Armour         | |  2.4
Dodging        | |  2.1

Action                   |  1- 3 |  4- 6 || total
-------------------------+-------+-------++-------
Melee: Hand axe          |   100 |    64 ||   164
       Headbutt          |    12 |     2 ||    14
       Punch             |     1 |       ||     1
 Fire: Sling             |     1 |       ||     1
Throw: Boomerang         |       |     2 ||     2
Invok: Berserk           |       |     2 ||     2
       Trog's Hand       |       |     1 ||     1
  Use: Scroll            |     2 |       ||     2
       Potion            |       |     1 ||     1
 Stab: Sleeping          |     1 |       ||     1
Armor: Ring mail         |    40 |     4 ||    44
       Plate armour      |       |    49 ||    49
Dodge: Dodged            |    40 |    24 ||    64
